 Dungeon Crawl Stone Soup version 0.30-a0-728-gc68057be0a (webtiles) character file.

Game seed: 16457758697537170069

105 zinnoa the Insei (level 5, -3/38 HPs)
             Began as a Djinni Transmuter on Jan 31, 2023.
             Was an Initiate of Qazlal.
             Slain by an orc
             ... wielding a +0 hand axe
              (4 damage)
             ... on level 4 of the Dungeon.
             The game lasted 00:08:44 (2630 turns).

zinnoa the Insei (Djinni Transmuter)                Turns: 2630, Time: 00:08:45

Health: -3/38      AC:  2    Str: 11    XL:     5   Next: 8%
Gold:   106        EV: 13    Int: 15    God:    Qazlal [......] SH:  0 Dex: 13

rFire   + + .      SeeInvis +      - Unarmed
rCold   . . .      Faith    .    (no shield)
rNeg    . . .      Spirit   .    a - +0 robe
rPois   ∞          Reflect  .    (helmet currently unavailable)
rElec   .          Harm     .    (no cloak)
rCorr   .          Rampage  .    (no gloves)
Will    .....                    (boots unavailable)
Stlth   +                        (no amulet)
HPRegen 0.26/turn                j - ring of protection from cold
MPRegen 0.00/turn                m - ring of see invisible

@: appendages, flying
A: horns 2, flying, sickness immunity, fire resistance 2, cold vulnerability 1,
float, innate caster, HP casting, extra vitality 1
a: End Transformation, Renounce Religion


You were on level 4 of the Dungeon.
You worshipped Qazlal.
Qazlal was noncommittal.
You had temporarily grown beastly horns.
You visited 1 branch of the dungeon, and saw 4 of its levels.

You collected 106 gold pieces.

Inventory:

Armour
 a - a +0 robe (worn)
Jewellery
 j - a ring of protection from cold (left hand)
 m - a ring of see invisible (right hand)
Wands
 l - a wand of polymorph (13)
Scrolls
 c - 2 scrolls of butterflies {unknown}
 d - 2 scrolls of identify {unknown}
 e - 3 scrolls of noise {unknown}
 k - a scroll of blinking {unknown}
 n - 2 scrolls of teleportation {unknown}
 p - a scroll of enchant weapon {unknown}
 q - a scroll of torment {unknown}
 r - a scroll of enchant armour {unknown}
 s - a scroll of vulnerability {unknown}
Potions
 b - 2 potions of lignification
 f - a potion of might {unknown}
 g - 2 potions of brilliance {unknown}
 h - 2 potions of curing {unknown}
 i - 2 potions of heal wounds {unknown}
 o - 2 potions of mutation {unknown}
 t - a potion of degeneration {unknown}


   Skills:
 * Level 1.9 Fighting
 * Level 3.2 Dodging
 + Level 0.1 Stealth
 + Level 4.0 Unarmed Combat
 + Level 2.2 Spellcasting


You couldn't memorise any spells.
You knew the following spells:

 Your Spells              Type           Power      Damage    Failure   Level
a - Beastly Appendage     Tmut           16%        N/A       9%          1
b - Wereblood             Tmut           8%         N/A       13%         2
c - Spider Form           Tmut/Pois      8%         N/A       26%         3
d - Ice Form              Ice/Tmut       8%         N/A       65%         4
e - Summon Small Mammal   Summ           32%        N/A       9%          1
f - Static Discharge      Conj/Air       16%        2-3/arc   13%         2
Your spell library was empty.

Dungeon Overview and Level Annotations

Branches:
Dungeon (4/15)
 Temple: D:4-7

Altars:
Ashenzari
Qazlal

Shops:
D:4 =


Innate Abilities, Weirdness & Mutations

You have temporarily grown beastly horns.
You are flying.
You are immune to sickness and miasma.
You are immune to poison.
Your flesh is very heat resistant. (rF++)
You are vulnerable to cold. (rC-)
You float through the air rather than walking.
You learn spells naturally, not from books.
Your magical power is your life essence.
You have superior vitality. (+4 MHP)


Message History

The orc wizard closely misses you. The orc hits you with a +0 hand axe.
The orc wizard attacks as you move away!
The orc wizard hits you with a +0 dagger of holy wrath.
The orc attacks as you move away! The orc closely misses you.
You howl as the wereblood boils in your veins!
The orc wizard hits you with a +0 dagger of holy wrath.
The orc closely misses you.
You bump into the rock wall.
Your horns disappear.
You feel less confused.
The orc wizard hits you with a +0 dagger of holy wrath.
The orc closely misses you.
You closely miss the orc.
Your primal bloodlust is almost over.
You hit the orc but do no damage. The orc wizard closely misses you.
The orc barely misses you. The orc hits you with a +0 hand axe.
You barely miss the orc. The orc misses you. The orc barely misses you.
You hit the orc but do no damage. The orc misses you.
The orc hits you with a +0 hand axe.
* * * LOW HITPOINT WARNING * * *
Casting: Beastly Appendage (safe; 9% risk of failure)
Confirm with . or Enter, or press ? or * to list all spells.
You grow a pair of large bovine horns.
* * * LOW HITPOINT WARNING * * *
The orc hits you with a +0 hand axe.
* * * LOW HITPOINT WARNING * * *
The orc hits you with a +0 hand axe.
* * * LOW HITPOINT WARNING * * *
You hit the orc.
The orc is almost dead.
You howl as the wereblood boils in your veins!
The orc misses you. The orc barely misses you.
You hit the orc but do no damage. Your headbutt misses the orc.
The orc is almost dead.
Your primal bloodlust has ended.
The orc hits you with a +0 hand axe.
* * * LOW HITPOINT WARNING * * *
You barely miss the orc.
The orc is almost dead.
The orc hits you but does no damage. The orc hits you with a +0 hand axe.
You die...

#.......# #......#
#.......# #......#
#.......# #......#
#....>..# #..$...#
........# #......#
........#########......#
.......................#
#############..o#.#...##
#.).o@o# #.# #....### ..
#...... # #....###
#..... #...### #####


You could see an orc wizard (invisible) and 2 orcs.

Vanquished Creatures
  6 adders
  A dart slug (D:2)
  3 orcs
  A ball python (D:1)
  4 bats
  3 endoplasms
  2 giant cockroaches
  6 goblins
  3 hobgoblins
  3 jackals (D:2)
  3 quokkas
  6 frilled lizards
  A kobold (D:1)
  5 rats
47 creatures vanquished.

Notes
Turn   | Place    | Note
-------+----------+-------------------------------------------
     0 | D:1      | zinnoa the Djinni Transmuter began the quest for the Orb.
     0 | D:1      | zinnoa set off with the following spells memorised: Beastly
                  | Appendage, Wereblood, Spider Form, Ice Form.
     0 | D:1      | Reached XP level 1. HP: 17/17 MP: 0/0
   154 | D:1      | Reached XP level 2. HP: 11/22 MP: 0/0
   748 | D:2      | Reached XP level 3. HP: 26/27 MP: 0/0
   748 | D:2      | Learned a level 1 spell: Summon Small Mammal
  1160 | D:2      | Reached XP level 4. HP: 28/32 MP: 0/0
  1345 | D:3      | Found a broken altar of Ashenzari.
  2057 | D:3      | Found a stormy altar of Qazlal.
  2064 | D:3      | Became a worshipper of Qazlal Stormbringer
  2559 | D:4      | Reached skill level 4 in Unarmed Combat
  2559 | D:4      | Reached XP level 5. HP: 36/38 MP: 0/0
  2559 | D:4      | Learned a level 2 spell: Static Discharge
  2568 | D:4      | Found Fapruim's Jewellery Emporium.
  2627 | D:4      | HP: 1/38 [orc/+0 hand axe (5)]
  2630 | D:4      | Slain by an orc

Illustrated notes

Levels and vault maps discovered:
D:1:      mainiacjoe_arrival_reflecting_pool, layout_rooms,
          minmay_misc_feat_square
D:2:      layout_rooms, basic_altar
D:3:      layout_loops_corners, mainiacjoe_overflow_tiny_flanked,
          mainiacjoe_overflow_brackets, kennysheep_cluttered_room
D:4:      layout_basic, minmay_temple_entry_grid, serial_shops,
          nicolae_take_the_stairs, nicolae_shop_bloodbath_and_beyond,
          nicolae_inconvenience_store, shop, kennysheep_mini

Skill      XL: |  1  2  3  4 |
---------------+-------------+-----
Spellcasting   | 2 |  2.2
Dodging        | 3 |  3.2
Unarmed Combat | 4 |  4.0
Fighting       | |  1.9
Stealth        | |  0.1

Action                     |  1- 3 |  4- 6 || total
---------------------------+-------+-------++-------
  Melee: Unarmed           |   109 |    75 ||   184
         Headbutt          |     8 |     7 ||    15
         Punch             |     1 |     2 ||     3
   Cast: Beastly Appendage |    16 |    15 ||    31
         Wereblood         |     4 |     1 ||     5
 Armour: Robe              |    12 |    12 ||    24
  Dodge: Dodged            |    81 |    53 ||   134

Table legend: (Time is in decaauts)
 A = Elapsed time spent in this place.
 B = Non-inter-level travel time spent in this place.
 C = Inter-level travel time spent in this place.
 D = Time resting spent in this place.
 E = Time spent auto-exploring this place.
 F = Levels seen in this place.
 G = Mean time per level.
                   A        B        C        D        E       F      G
               +--------+--------+--------+--------+--------+-----+--------+
         Total |   2615 |   2598 |     17 |    501 |   1644 |   4 |  653.8 |
       Dungeon |   2615 |   2598 |     17 |    501 |   1644 |   4 |  653.8 |
               +--------+--------+--------+--------+--------+-----+--------+

Top non-repeatable levels by time:
     D:3: 1105 daAuts
     D:1: 677 daAuts
     D:2: 642 daAuts
     D:4: 191 daAuts
